| TOP OF THE 1ST |
|
Atlanta Braves batting - Pitching for Philadelphia Phillies : RHP Bill Singer
|
|
Pitching: RHP Bill Singer
|
|
|
Batting: SHB Tony Fernandez
|
0-0: Ball 1-0: Ball 2-0: Foul Ball, location: 2F 2-1: Fly out, F6 (Popup, 15, EV 89.4 MPH)
|
|
Batting: LHB Mike Hargrove
|
0-0: Ball 1-0: Ball 2-0: Foul Ball, location: 2F 2-1: Called Strike 2-2: Ground out 1-3 (Groundball, 13, EV 67.5 MPH)
|
|
Batting: LHB Leon Durham
|
0-0: Called Strike 0-1: Ground out 4-3 (Groundball, 4MS, EV 85.6 MPH)
|
| Top of the 1st over - 0 runs, 0 hits, 0 errors, 0 left on base; Atlanta 0 - Philadelphia 0 |
| BOTTOM OF THE 1ST |
|
Philadelphia Phillies batting - Pitching for Atlanta Braves : LHP Randy Lerch
|
|
Pitching: LHP Randy Lerch
|
|
|
Batting: LHB Tony Gwynn
|
0-0: Called Strike 0-1: Fly out, F8 (Flyball, 8RD, EV 95.0 MPH)
|
|
Batting: RHB Andy Ramirez
|
0-0: Called Strike 0-1: Fly out, F9 (Line Drive, 9, EV 94.4 MPH)
|
|
Batting: RHB Paul Molitor
|
0-0: SINGLE (Groundball, 56S, EV 66.9 MPH) (infield hit)
|
|
Batting: RHB Candy Maldonado
|
0-0: Ball Paul Molitor steals 2nd base 1-0: Foul Ball, location: 2F 1-1: Called Strike 1-2: 2-RUN HOME RUN (Flyball, 8LXD, EV 102.5 MPH), Distance : 425 ft
|
|
Batting: LHB Ken Phelps
|
0-0: Foul Ball, location: 2F 0-1: Ground out 1-3 (Groundball, 13, EV 72.5 MPH)
|
| Bottom of the 1st over - 2 runs, 2 hits, 0 errors, 0 left on base; Atlanta 0 - Philadelphia 2 |
| TOP OF THE 2ND |
|
Atlanta Braves batting - Pitching for Philadelphia Phillies : RHP Bill Singer
|
|
Batting: LHB Bobby Murcer
|
0-0: Ball 1-0: Fly out, F8 (Flyball, 8LD, EV 98.1 MPH)
|
|
Batting: LHB Mike Scioscia
|
0-0: Ball 1-0: Ball 2-0: Ball 3-0: Base on Balls
|
|
Batting: RHB Craig Kusick
|
0-0: Foul Ball, location: 2F 0-1: Swinging Strike 0-2: Ball Mike Scioscia steals 2nd base 1-2: Ball 2-2: Ball 3-2: Base on Balls
|
|
Batting: LHB Joe L Morgan
|
0-0: Called Strike 0-1: Called Strike 0-2: Fly out, F5 (Popup, 56, EV 84.4 MPH)
|
|
Batting: RHB Gil Flores
|
0-0: Ball 1-0: Ball 2-0: Fielders Choice at 2nd, U6 (Groundball, 6M, EV 85.6 MPH)
|
| Top of the 2nd over - 0 runs, 0 hits, 0 errors, 2 left on base; Atlanta 0 - Philadelphia 2 |
| BOTTOM OF THE 2ND |
|
Philadelphia Phillies batting - Pitching for Atlanta Braves : LHP Randy Lerch
|
|
Batting: RHB Tony Pena
|
0-0: Ground out 5-3 (Groundball, 56S, EV 82.5 MPH)
|
|
Batting: LHB Lou Whitaker
|
0-0: Called Strike 0-1: Swinging Strike 0-2: Ball 1-2: Ball 2-2: Strikes out looking
|
|
Batting: LHB Andy Guerrero
|
0-0: Called Strike 0-1: Ball 1-1: Foul Ball, location: 2F 1-2: Ball 2-2: SINGLE (Groundball, 4MS, EV 68.1 MPH) (infield hit)
|
|
Batting: RHB Bill Singer
|
0-0: Called Strike 0-1: Foul Ball, location: 2F 0-2: Ball 1-2: Ball 2-2: Ball 3-2: Strikes out swinging
|
| Bottom of the 2nd over - 0 runs, 1 hit, 0 errors, 1 left on base; Atlanta 0 - Philadelphia 2 |
| TOP OF THE 3RD |
|
Atlanta Braves batting - Pitching for Philadelphia Phillies : RHP Bill Singer
|
|
Batting: LHB Randy Lerch
|
0-0: Called Strike 0-1: Swinging Strike 0-2: Ball 1-2: Fly out, F7 (Flyball, 78M, EV 86.3 MPH)
|
|
Batting: SHB Tony Fernandez
|
0-0: Fly out, F8 (Flyball, 78D, EV 93.1 MPH)
|
|
Batting: LHB Mike Hargrove
|
0-0: Foul Ball, location: 2F 0-1: Ball 1-1: Foul Ball, location: 2F 1-2: Foul Ball, location: 2F 1-2: Ball 2-2: Ground out U3 (Groundball, 34, EV 90.6 MPH)
|
| Top of the 3rd over - 0 runs, 0 hits, 0 errors, 0 left on base; Atlanta 0 - Philadelphia 2 |
| BOTTOM OF THE 3RD |
|
Philadelphia Phillies batting - Pitching for Atlanta Braves : LHP Randy Lerch
|
|
Batting: LHB Tony Gwynn
|
0-0: Ball 1-0: Called Strike 1-1: Foul Ball, location: 2F 1-2: Ball 2-2: Strikes out swinging
|
|
Batting: RHB Andy Ramirez
|
0-0: Ball 1-0: Foul Ball, location: 2F 1-1: Called Strike 1-2: SINGLE (Groundball, 34D, EV 97.5 MPH)
|
|
Batting: RHB Paul Molitor
|
0-0: Ball 1-0: Called Strike 1-1: Foul Ball, location: 2F 1-2: Ball 2-2: Fly out, F9 (Flyball, 89S, EV 87.5 MPH)
|
|
Batting: RHB Candy Maldonado
|
0-0: Ball 1-0: Called Strike 1-1: Ball 2-1: Fly out, F8 (Line Drive, 8RM, EV 96.3 MPH)
|
| Bottom of the 3rd over - 0 runs, 1 hit, 0 errors, 1 left on base; Atlanta 0 - Philadelphia 2 |
| TOP OF THE 4TH |
|
Atlanta Braves batting - Pitching for Philadelphia Phillies : RHP Bill Singer
|
|
Batting: LHB Leon Durham
|
0-0: Ball 1-0: Swinging Strike 1-1: SOLO HOME RUN (Flyball, 8LXD, EV 105.6 MPH), Distance : 445 ft
|
|
Batting: LHB Bobby Murcer
|
0-0: Ball 1-0: Ball 2-0: Called Strike 2-1: Foul Ball, location: 2F 2-2: Ball 3-2: SOLO HOME RUN (Flyball, 9D, EV 105.6 MPH), Distance : 370 ft
|
|
Batting: LHB Mike Scioscia
|
0-0: Ball 1-0: DOUBLE (Line Drive, 9LS, EV 109.4 MPH)
|
|
Batting: RHB Craig Kusick
|
0-0: Ball 1-0: Ball 2-0: Ball 3-0: Base on Balls
|
|
Batting: LHB Joe L Morgan
|
0-0: Ball 1-0: Ball 2-0: Called Strike 2-1: Foul Ball, location: 2F 2-2: Ball 3-2: Grounds into double play, U3-6 (Groundball, 3L, EV 87.5 MPH) Mike Scioscia to third
|
|
Batting: RHB Gil Flores
|
0-0: Intentional Walk
|
|
Batting: LHB Randy Lerch
|
0-0: Ball 1-0: Called Strike 1-1: Ball 2-1: Foul Ball, location: 2F 2-2: Ground out U3 (Groundball, 3S, EV 89.4 MPH)
|
| Top of the 4th over - 2 runs, 3 hits, 0 errors, 2 left on base; Atlanta 2 - Philadelphia 2 |
| BOTTOM OF THE 4TH |
|
Philadelphia Phillies batting - Pitching for Atlanta Braves : LHP Randy Lerch
|
|
Batting: LHB Ken Phelps
|
0-0: Called Strike 0-1: Foul Ball, location: 2F 0-2: Strikes out swinging
|
|
Batting: RHB Tony Pena
|
0-0: Fly out, F7 (Line Drive, 78S, EV 87.5 MPH)
|
|
Batting: LHB Lou Whitaker
|
0-0: Swinging Strike 0-1: Foul Ball, location: 2F 0-2: Strikes out swinging
|
| Bottom of the 4th over - 0 runs, 0 hits, 0 errors, 0 left on base; Atlanta 2 - Philadelphia 2 |
| TOP OF THE 5TH |
|
Atlanta Braves batting - Pitching for Philadelphia Phillies : RHP Bill Singer
|
|
Batting: SHB Tony Fernandez
|
0-0: Ball 1-0: Ground out 4-3 (Groundball, 34, EV 106.3 MPH)
|
|
Batting: LHB Mike Hargrove
|
0-0: Ball 1-0: Ball 2-0: Foul Ball, location: 2F 2-1: Ball 3-1: Called Strike 3-2: SINGLE (Groundball, 34D, EV 94.4 MPH)
|
|
Batting: LHB Leon Durham
|
0-0: Called Strike 0-1: Called Strike 0-2: Strikes out looking
|
|
Batting: LHB Bobby Murcer
|
0-0: Called Strike 0-1: Swinging Strike 0-2: Foul Ball, location: 2F 0-2: Ball 1-2: Foul Ball, location: 2F 1-2: Strikes out swinging
|
| Top of the 5th over - 0 runs, 1 hit, 0 errors, 1 left on base; Atlanta 2 - Philadelphia 2 |
| BOTTOM OF THE 5TH |
|
Philadelphia Phillies batting - Pitching for Atlanta Braves : LHP Randy Lerch
|
|
Batting: LHB Andy Guerrero
|
0-0: Swinging Strike 0-1: Bunt missed! 0-2: Ball 1-2: Ball 2-2: Ground out 4-3 (Groundball, 4, EV 103.8 MPH)
|
|
Batting: RHB Bill Singer
|
0-0: Foul Ball, location: 2F 0-1: Ball 1-1: Ball 2-1: Ball 3-1: Called Strike 3-2: Ground out U3 (Groundball, 34, EV 86.3 MPH)
|
|
Batting: LHB Tony Gwynn
|
0-0: Foul Ball, location: 2F 0-1: Ball 1-1: Fly out, F8 (Flyball, 8RM, EV 90.6 MPH)
|
| Bottom of the 5th over - 0 runs, 0 hits, 0 errors, 0 left on base; Atlanta 2 - Philadelphia 2 |
| TOP OF THE 6TH |
|
Atlanta Braves batting - Pitching for Philadelphia Phillies : RHP Bill Singer
|
|
Batting: LHB Mike Scioscia
|
0-0: Called Strike 0-1: Ball 1-1: Ball 2-1: Fly out, F9 (Line Drive, 9D, EV 99.4 MPH)
|
|
Batting: RHB Craig Kusick
|
0-0: Called Strike 0-1: Ball 1-1: Ball 2-1: Ball 3-1: Base on Balls
|
|
Batting: LHB Joe L Morgan
|
0-0: Ball 1-0: Foul Ball, location: 2F 1-1: Ball 2-1: Called Strike 2-2: Ball 3-2: Fly out, F7 (Flyball, 7LM, EV 91.3 MPH)
|
|
Batting: RHB Gil Flores
|
0-0: Called Strike 0-1: Ball 1-1: Called Strike 1-2: Fly out, F4 (Line Drive, 4, EV 71.3 MPH)
|
| Top of the 6th over - 0 runs, 0 hits, 0 errors, 1 left on base; Atlanta 2 - Philadelphia 2 |
| BOTTOM OF THE 6TH |
|
Philadelphia Phillies batting - Pitching for Atlanta Braves : LHP Randy Lerch
|
|
Batting: RHB Andy Ramirez
|
0-0: Ball 1-0: Foul Ball, location: 2F 1-1: Ball 2-1: Ball 3-1: Foul Ball, location: 2F 3-2: Foul Ball, location: 2F 3-2: Foul Ball, location: 2F 3-2: Base on Balls
|
|
Batting: RHB Paul Molitor
|
0-0: Ball 1-0: Fly out, F7 (Flyball, 7S, EV 90.0 MPH)
|
|
Batting: RHB Candy Maldonado
|
0-0: Ball 1-0: Ball 2-0: Called Strike 2-1: Foul Ball, location: 2F 2-2: Foul Ball, location: 2F 2-2: Strikes out looking
|
|
Batting: LHB Ken Phelps
|
0-0: Swinging Strike 0-1: Foul Ball, location: 2F 0-2: Ball 1-2: Foul Ball, location: 2F 1-2: Fly out, F7 (Line Drive, 7S, EV 100.6 MPH)
|
| Bottom of the 6th over - 0 runs, 0 hits, 0 errors, 1 left on base; Atlanta 2 - Philadelphia 2 |
| TOP OF THE 7TH |
|
Atlanta Braves batting - Pitching for Philadelphia Phillies : RHP Bill Singer
|
|
Pinch Hitting: SHB UL Washington
|
0-0: Ball 1-0: Foul Ball, location: 2F 1-1: Ball 2-1: Fly out, F8 (Flyball, 8RM, EV 84.4 MPH)
|
|
Batting: SHB Tony Fernandez
|
0-0: Ball 1-0: SINGLE (Line Drive, 78M, EV 105.0 MPH)
|
|
Pitching: RHP Tom Hume
|
|
|
Batting: LHB Mike Hargrove
|
0-0: Ball 1-0: Ball 2-0: Foul Ball, location: 2F 2-1: Called Strike 2-2: Hit by Pitch Tony Fernandez to second
|
|
Batting: LHB Leon Durham
|
0-0: Swinging Strike 0-1: Swinging Strike 0-2: Ball 1-2: Ball 2-2: Strikes out swinging
|
|
Batting: LHB Bobby Murcer
|
0-0: Ball 1-0: Swinging Strike 1-1: Swinging Strike 1-2: Ball 2-2: SINGLE (Groundball, 34D, EV 96.3 MPH) Tony Fernandez to third Mike Hargrove to second Runner from 3rd tries for Home, throw by RF and OUT! 9-2
|
| Top of the 7th over - 0 runs, 2 hits, 0 errors, 2 left on base; Atlanta 2 - Philadelphia 2 |
| BOTTOM OF THE 7TH |
|
Philadelphia Phillies batting - Pitching for Atlanta Braves : LHP Randy Lerch
|
|
Pitching: LHP Wilbur Wood
|
|
|
Batting: RHB Tony Pena
|
0-0: Ball 1-0: Ground out 6-3 (Groundball, 6, EV 105.0 MPH)
|
|
Batting: LHB Lou Whitaker
|
0-0: Ground out U3 (Groundball, 3, EV 100.6 MPH)
|
|
Batting: LHB Andy Guerrero
|
0-0: Ball 1-0: Ball 2-0: Called Strike 2-1: Ball 3-1: Base on Balls
|
|
Pinch Hitting: LHB Terry Bogener
|
0-0: Ball 1-0: Foul Ball, location: 2F 1-1: Foul Ball, location: 2F 1-2: Foul Ball, location: 2F 1-2: Foul Ball, location: 2F 1-2: Ball 2-2: SINGLE (Groundball, 4MS, EV 66.9 MPH) (infield hit) Andy Guerrero to second
|
|
Batting: LHB Tony Gwynn
|
0-0: Ball 1-0: Ball 2-0: Ball 3-0: Called Strike 3-1: Foul Ball, location: 2F 3-2: Foul Ball, location: 2F 3-2: Base on Balls Andy Guerrero to third Terry Bogener to second
|
|
Batting: RHB Andy Ramirez
|
0-0: Ball 1-0: Foul Ball, location: 2F 1-1: Foul Ball, location: 2F 1-2: Ball 2-2: Ball 3-2: Base on Balls Andy Guerrero scores Terry Bogener to third Tony Gwynn to second
|
|
Batting: RHB Paul Molitor
|
0-0: Ball 1-0: Foul Ball, location: 2F 1-1: Called Strike 1-2: Foul Ball, location: 2F 1-2: Fly out, F9 (Flyball, 89D, EV 95.0 MPH)
|
| Bottom of the 7th over - 1 run, 1 hit, 0 errors, 3 left on base; Atlanta 2 - Philadelphia 3 |
| TOP OF THE 8TH |
|
Atlanta Braves batting - Pitching for Philadelphia Phillies : RHP Tom Hume
|
|
Pitching: RHP Jim Kern
|
|
|
Batting: LHB Mike Scioscia
|
0-0: Ball 1-0: Foul Ball, location: 2F 1-1: Foul Ball, location: 2F 1-2: Ball 2-2: Fly out, F8 (Line Drive, 8RD, EV 99.4 MPH)
|
|
Batting: RHB Craig Kusick
|
0-0: Ball 1-0: Called Strike 1-1: Ball 2-1: Foul Ball, location: 2F 2-2: Foul Ball, location: 2F 2-2: Ball 3-2: Foul Ball, location: 2F 3-2: Strikes out swinging
|
|
Batting: LHB Joe L Morgan
|
0-0: Ball 1-0: Ball 2-0: Ball 3-0: Base on Balls
|
|
Batting: RHB Gil Flores
|
0-0: Foul Ball, location: 2F 0-1: Ball 1-1: Ball 2-1: Fly out, F8 (Line Drive, 8RM, EV 90.0 MPH)
|
| Top of the 8th over - 0 runs, 0 hits, 0 errors, 1 left on base; Atlanta 2 - Philadelphia 3 |
| BOTTOM OF THE 8TH |
|
Philadelphia Phillies batting - Pitching for Atlanta Braves : LHP Wilbur Wood
|
|
Batting: RHB Candy Maldonado
|
0-0: Ball 1-0: Fly out, F7 (Flyball, 7D, EV 91.9 MPH)
|
|
Batting: LHB Ken Phelps
|
0-0: Swinging Strike 0-1: Called Strike 0-2: Ball 1-2: Fly out, F7 (Line Drive, 7, EV 93.1 MPH)
|
|
Batting: RHB Tony Pena
|
0-0: Fly out, F8 (Flyball, 8LD, EV 92.5 MPH)
|
| Bottom of the 8th over - 0 runs, 0 hits, 0 errors, 0 left on base; Atlanta 2 - Philadelphia 3 |
| TOP OF THE 9TH |
|
Atlanta Braves batting - Pitching for Philadelphia Phillies : RHP Jim Kern
|
|
Now at 1B: Ivan de Jesus
|
|
|
Pinch Hitting: LHB Matt Winters
|
0-0: Ball 1-0: Called Strike 1-1: Ball 2-1: Swinging Strike 2-2: Ball 3-2: Strikes out swinging
|
|
Batting: SHB Tony Fernandez
|
0-0: Ground out U3 (Groundball, 3, EV 91.9 MPH)
|
|
Batting: LHB Mike Hargrove
|
0-0: Fly out, F7 (Flyball, 78D, EV 85.0 MPH)
|
| Top of the 9th over - 0 runs, 0 hits, 0 errors, 0 left on base; Atlanta 2 - Philadelphia 3 |
|